 Dungeon Crawl Stone Soup version 0.22.1-2-g9c5b331 (webtiles) character file.

167 Lauz the Slasher (level 5, -1/67 HPs)
             Began as a Minotaur Gladiator on Dec 3, 2018.
             Slain by a gnoll
             ... wielding a +0 spear
              (2 damage)
             ... on level 2 of the Dungeon.
             The game lasted 00:06:33 (2245 turns).

Lauz the Slasher (Minotaur Gladiator)               Turns: 2245, Time: 00:06:33

Health: -1/67      AC: 22    Str: 19    XL:     5   Next: 23%
Magic:  0/4        EV:  2    Int:  5    God:
Gold:   65         SH:  0    Dex: 17    Spells: 4/4 levels left

rFire    . . .     SeeInvis .   a - +0 long sword
rCold    + . .     Gourm    .   (no shield)
rNeg     + + +     Faith    .   (armour currently unavailable)
rPois    +         Spirit   .   (helmet currently unavailable)
rElec    .         Reflect  .   (cloak currently unavailable)
rCorr    .         Harm     .   (gloves currently unavailable)
MR       .....     NoTele   +   (boots currently unavailable)
Stlth    +++.......             (no amulet)
HPRegen  0.21/turn              o - ring of protection from cold
MPRegen  0.09/turn              (no ring)

@: agile, tree-form
A: (retaliatory headbutt)
a: no special abilities


You were on level 2 of the Dungeon.
You were not hungry.
You were a tree.
You visited 1 branch of the dungeon, and saw 3 of its levels.

You collected 65 gold pieces.

Inventory:

Hand Weapons
 a - a +0 long sword (weapon)
Missiles
 d - 3 throwing nets (quivered)
Armour
 b - a +0 leather armour
 c - a +0 hat (melded)
 h - a scarf of spirit shield (melded)
 u - a +0 leather armour of magic resistance (melded)
Jewellery
 o - a ring of protection from cold (left branch)
 r - an uncursed ring of fire {unknown}
 t - an uncursed ring of magical power {unknown}
Scrolls
 g - 2 scrolls of remove curse {unknown}
 i - 4 scrolls of identify {unknown}
 j - 3 scrolls of teleportation {unknown}
 l - 2 scrolls of fear {unknown}
 m - a scroll of immolation {unknown}
 n - a scroll of blinking {unknown}
Potions
 k - a potion of flight
Comestibles
 f - 2 rations
 v - 2 chunks of flesh


   Skills:
 + Level 3.2 Fighting
 * Level 6.5 Long Blades
 - Level 2.0 Throwing
 - Level 3.6 Dodging
 + Level 0.5 Stealth


You had 4 spell levels left.
You didn't know any spells.
Your spell library was empty.

Dungeon Overview and Level Annotations

Branches:
Dungeon (3/15)

Altars:
Qazlal


Innate Abilities, Weirdness & Mutations

((You reflexively headbutt those who attack you in melee.))
((You have a pair of horns on your head.))


Message History

The gnoll is heavily wounded.
It was a potion of lignification.
You turn into a tree.
Your scarf of spirit shield melds into your body.
Your +0 hat melds into your body.
Your +0 leather armour of magic resistance melds into your body.
You feel strangely alone.
You feel less resistant to hostile enchantments.
Your roots penetrate the ground.
The gnoll hits you but does no damage. The gnoll completely misses you.
You barely miss the gnoll.
The gnoll is almost dead.
The gnoll hits you but does no damage. x2
You slash the gnoll!
You kill the gnoll!
The gnoll hits you with a spear.
* * * LOW HITPOINT WARNING * * *
You barely miss the gnoll.
The gnoll is heavily wounded.
The gnoll hits you with a spear.
You die...

#............>..####......##.....
#..........).....................
#........<......####.#####.......
#...............# #.# #....###
#............(..####.# ##....#
##.................#.####..####
##.....#.....#...).)(.....#
###.........###).#.(#....######
#..........)♣g...............
#.........######.#...########
#..........# #.............
##########.#####.............
#..............#####
###########..#..#..##.#.##
#..............##..##....#
########.......##..####..###
#...#...#....#####....##


You could see a gnoll.

Vanquished Creatures
  Robin (D:2)
  2 gnolls
  3 adders (D:2)
  An ooze (D:2)
  3 worms
  4 dart slugs
  2 orcs (D:3)
  2 giant cockroaches
  17 goblins
  15 hobgoblins
  5 jackals
  A quokka (D:2)
  10 bats
  5 frilled lizards
  6 kobolds
  8 rats
85 creatures vanquished.

Notes
Turn   | Place    | Note
-------+----------+-------------------------------------------
     0 | D:1      | Lauz the Minotaur Gladiator began the quest for the Orb.
     0 | D:1      | Reached XP level 1. HP: 18/18 MP: 0/0
   240 | D:1      | Reached XP level 2. HP: 25/25 MP: 1/1
   246 | D:1      | Reached skill level 4 in Long Blades
   717 | D:1      | Reached XP level 3. HP: 27/30 MP: 2/2
  1040 | D:2      | Reached skill level 5 in Long Blades
  1237 | D:2      | Reached XP level 4. HP: 33/38 MP: 3/3
  1644 | D:2      | Noticed a fire elemental
  1646 | D:2      | Found a stormy altar of Qazlal.
  1647 | D:2      | Noticed an earth elemental
  1647 | D:2      | Noticed a water elemental
  1647 | D:2      | Noticed an air elemental
  1962 | D:2      | Reached skill level 6 in Long Blades
  2003 | D:3      | Noticed Robin
  2154 | D:2      | Killed Robin
  2154 | D:2      | Reached XP level 5. HP: 37/45 MP: 2/4
  2241 | D:2      | HP: 1/45 [gnoll/spear (3)]
  2245 | D:2      | Slain by a gnoll

Skill      XL: |  1  2  3  4 |
---------------+-------------+-----
Long Blades    | 4 5 6 |  6.5
Fighting       | 3 |  3.2
Throwing       | |  2.0
Dodging        | |  3.6
Stealth        | |  0.5

Action                   |  1- 3 |  4- 6 || total
-------------------------+-------+-------++-------
Melee: Long sword        |    57 |    68 ||   125
       Headbutt          |    10 |    13 ||    23
  Use: Potion            |       |     5 ||     5
  Eat: Chunk             |     1 |     1 ||     2
       Ration            |       |     1 ||     1
Armor: Leather armour    |    14 |    22 ||    36
       Skin              |       |     3 ||     3
Dodge: Dodged            |    55 |    71 ||   126
       Rpst.: Long sword |    14 |    17 ||    31
